 Dungeon Crawl Stone Soup version 0.27-a0-909-g0721f309d1 (webtiles) character file.

Game seed: 6713489866673328941

30 Alarkh the Insei (level 3, 28/28 HPs)
             Began as a Demonspawn Gladiator on Apr 8, 2021.
             Got out of the dungeon alive.
             The game lasted 00:01:04 (1129 turns).

Alarkh the Insei (Demonspawn Gladiator)             Turns: 1129, Time: 00:01:05

Health: 28/28      AC:  4    Str: 14    XL:     3   Next: 5%
Magic:  3/3        EV: 12    Int: 10    God:
Gold:   11         SH:  0    Dex: 14    Spells: 2/2 levels left

rFire    . . .     SeeInvis .     - Unarmed
rCold    . . .     Faith    .   (no shield)
rNeg     . . .     Spirit   .   a - +0 leather armour
rPois    .         Reflect  .   b - +0 helmet
rElec    .         Harm     .   (no cloak)
rCorr    .         Rampage  .   (no gloves)
Will     .....                  (no boots)
Stlth    +.........             (no amulet)
HPRegen  0.09/turn              (no ring)
MPRegen  0.08/turn              (no ring)

@: no status effects
A: talons 1
a: no special abilities


You escaped.
You visited 1 branch of the dungeon, and saw 2 of its levels.

You collected 11 gold pieces.

Inventory:

Missiles
 c - 3 throwing nets (quivered)
Armour
 a - a +0 leather armour (worn)
 b - a +0 helmet (worn)
Scrolls
 e - 2 scrolls of noise {unknown}
 f - a scroll of silence {unknown}
 g - a scroll of identify {unknown}
Potions
 d - a potion of heal wounds {unknown}


   Skills:
 + Level 2.5 Fighting
 - Level 1.7 Throwing
 - Level 2.6 Dodging
 * Level 3.5 Unarmed Combat


You had 2 spell levels left.
You didn't know any spells.
Your spell library was empty.

Dungeon Overview and Level Annotations

Branches:
Dungeon (2/15)

Altars:
Dithmenos

Shops:
D:1 ?((?   D:2 [


Innate Abilities, Weirdness & Mutations

You have sharp toenails.


Message History

You climb downwards.
Found Kiubud's Armour Boutique.
There is a stone staircase leading up here.
There's nothing to open nearby.
Found 13 stones.
Found a stone staircase leading down.
No target in view!
There is an entrance to Kiubud's Armour Boutique here.
A kobold comes into view. It is wielding a +0 dagger.
A kobold is nearby!
A kobold is nearby!
A kobold is nearby!
A goblin comes into view. It is wielding a +0 dagger.
The kobold barely misses you.
You barely miss the kobold.
The goblin shouts!
You hit the kobold.
You kill the kobold!
You have reached level 3!
Your experience leads to an increase in your attributes!
Increase (S)trength, (I)ntelligence, or (D)exterity?
You feel clever.
A goblin is nearby!
Things that are here:
a +0 dagger; a stone; a kobold corpse You closely miss the goblin.
You claw the goblin.
You kill the goblin!
No target in view!
No target in view!
No target in view!
No target in view!
No target in view!
Things that are here:
a +0 dagger; a stone; a kobold corpse
There is a stone staircase leading up here.
You climb upwards.
There is a stone staircase leading down here.
There is a staircase leading out of the dungeon here.
Are you sure you want to leave the Dungeon?
This will make you lose the game!
You have escaped!

#≈≈≈≈≈≈≈≈≈≈≈...........###
#≈≈≈≈≈≈≈≈≈≈≈...∩.#####....
#≈≈≈≈≈≈≈≈≈≈......# ###..
#≈≈≈≈≈≈≈≈≈≈...#### #.#
#≈≈≈≈≈≈≈≈≈....# #.#
#≈≈≈≈≈≈≈≈.....# #.#
#≈≈≈≈≈≈.......# #.#
#≈≈≈≈...##.#### #.#
#≈≈.....#@.# #..
#≈.........# ###
#≈..######## #
#...######## #
##.........###### #
###.####.......# #
#.####..####.# ### #
#.##......##.######.###
#.##.#.......#.....#...


There were no monsters in sight!

Vanquished Creatures
  2 ball pythons (D:1)
  4 bats (D:1)
  4 endoplasms (D:1)
  6 goblins
  2 hobgoblins (D:1)
  2 quokkas (D:1)
  A frilled lizard (D:1)
  4 kobolds
  3 rats (D:1)
28 creatures vanquished.

Notes
Turn   | Place    | Note
-------+----------+-------------------------------------------
     0 | D:1      | Alarkh the Demonspawn Gladiator began the quest for the
                  | Orb.
     0 | D:1      | Reached XP level 1. HP: 16/16 MP: 1/1
   126 | D:1      | Reached skill level 3 in Unarmed Combat
   139 | D:1      | Gained mutation: You have sharp toenails. [demonic
                  | ancestry]
   139 | D:1      | Reached XP level 2. HP: 10/22 MP: 2/2
   722 | D:1      | Found Alioceirch's Magic Scroll Boutique.
   832 | D:1      | Found Cilyuxea's Weapon Boutique.
   850 | D:1      | Found Qauvin's Weapon Emporium.
  1047 | D:1      | Found a shadowy altar of Dithmenos.
  1072 | D:2      | Found Kiubud's Armour Boutique.
  1092 | D:2      | Reached XP level 3. HP: 28/28 MP: 3/3
  1129 | D:$      | Got out of the dungeon alive.

Illustrated notes

Levels and vault maps discovered:
D:1:      dpeg_arrival_water_altar, layout_loops_cross, serial_shops, shop,
          shop, nicolae_shop_behind_doors, shop_scrolls
D:2:      layout_rooms, basic_altar, serial_shops, nicolae_shop_crystal,
          minmay_circle_x, uniq_terence, uniq_jessica

Skill      XL: |  1 |
---------------+----+-----
Unarmed Combat | 3 |  3.5
Fighting       | |  2.5
Throwing       | |  1.7
Dodging        | |  2.6

Action                   || total
-------------------------++-------
Melee: Unarmed           ||    93
       Punch             ||     1
       Kick              ||    19
 Stab: Sleeping          ||     2
Armor: Leather armour    ||    22
Dodge: Dodged            ||    62

Table legend: (Time is in decaauts)
 A = Elapsed time spent in this place.
 B = Non-inter-level travel time spent in this place.
 C = Inter-level travel time spent in this place.
 D = Time resting spent in this place.
 E = Time spent auto-exploring this place.
 F = Levels seen in this place.
 G = Mean time per level.
                   A        B        C        D        E       F      G
               +--------+--------+--------+--------+--------+-----+--------+
         Total |   1128 |   1075 |     53 |      0 |    917 |   2 |  564.0 |
       Dungeon |   1128 |   1075 |     53 |      0 |    917 |   2 |  564.0 |
               +--------+--------+--------+--------+--------+-----+--------+

Top non-repeatable levels by time:
     D:1: 1096 daAuts
     D:2: 32 daAuts
